 Dungeon Crawl Stone Soup version 0.17.1-1-g73c8601 (webtiles) character file.

65 sugabear the Cudgeler (level 4, -1/27 HPs)
             Began as a Gargoyle Gladiator on Dec 12, 2015.
             Slain by sugabear's ghost (12 damage)
             ... on level 3 of the Dungeon.
             The game lasted 00:02:25 (1537 turns).

sugabear the Cudgeler (Gargoyle Gladiator)          Turns: 1537, Time: 00:02:25

Health: -1/27      AC:  7    Str: 18    XL:     4   Next: 13%
Magic:  4/4        EV: 12    Int:  9    God:
Gold:   82         SH:  0    Dex: 11    Spells: 0 memorised, 3 levels left

rFire  . . .     SeeInvis .     a - +0 flail
rCold  . . .     Clarity  .     b - +0 leather armour
rNeg   + . .     SustAt   .     (no shield)
rPois  ∞         Gourm    .     c - +0 helmet
rElec  +         Spirit   .     (no cloak)
rCorr  .         Warding  .     (no gloves)
rMut   .         Stasis   .     (no boots)
MR     .....                    (no amulet)
Stlth  +.........               (no ring)
                                (no ring)

@: not resistant to hostile enchantments, very unstealthy
A: negative energy resistance 1, electricity resistance, unbreathing,
petrification resistance, rot immunity, AC +3
a: no special abilities


You were on level 3 of the Dungeon.
You were not hungry.

You visited 1 branch of the dungeon, and saw 4 of its levels.

You collected 82 gold pieces.

Inventory:

Hand Weapons
 a - a +0 flail (weapon)
Missiles
 d - 3 throwing nets (quivered)
 i - 4 tomahawks
Armour
 b - a +0 leather armour (worn)
 c - a +0 helmet (worn)
Jewellery
 n - an uncursed ring of positive energy {unknown}
Scrolls
 f - a scroll of fear {unknown}
 g - a scroll of random uselessness {unknown}
 h - 4 scrolls of remove curse {unknown}
 m - 2 scrolls of fog {unknown}
 q - 2 scrolls of identify {unknown}
 r - a scroll of recharging {unknown}
Potions
 j - a potion of magic {unknown}
 k - a potion of brilliance {unknown}
 l - a potion of curing {unknown}
 p - a potion of agility {unknown}
Comestibles
 e - 4 bread rations
 o - 3 chunks of flesh


   Skills:
 + Level 2.5 Fighting
 + Level 3.6 Maces & Flails
 + Level 1.8 Throwing
 + Level 0.9 Armour
 + Level 3.2 Dodging
 + Level 0.2 Stealth


You had 3 spell levels left.
You didn't know any spells.

Dungeon Overview and Level Annotations

Branches:
Dungeon (4/15)
 Temple: D:4-7

Altars:
Elyvilon
Fedhas
The Shining One

Annotations:
D:3 sugabear's ghost, amateur GrGl


Innate Abilities, Weirdness & Mutations

You are resistant to torment.
Your stone body is resilient (AC +3).
You are immune to poison.
You resist negative energy.
You are resistant to electric shocks.
You can survive without breathing.
You are immune to petrification.
You are immune to rotting.


Message History

You see here 17 arrows.
Sugabear's ghost (amateur Gargoyle Gladiator) comes into view.
Sugabear's ghost wails, "You must not succeed where I failed!"
Sugabear's ghost hits you!
There is a stone staircase leading down here.
You sock sugabear's ghost!
Sugabear's ghost is moderately damaged.
Sugabear's ghost wails.
Sugabear's ghost barely misses you. Sugabear's ghost hits you.
You hit sugabear's ghost but do no damage.
Sugabear's ghost is moderately damaged.
Sugabear's ghost screams, "You will never get the ORB!"
Sugabear's ghost hits you but does no damage.
You hit sugabear's ghost but do no damage.
Sugabear's ghost is moderately damaged.
Sugabear's ghost hits you!
You barely miss sugabear's ghost.
Sugabear's ghost is moderately damaged.
Sugabear's ghost hits you!
You die...

#. ##########
####.
#.##.....#
###....
#.##.....#
.......
#.##.....#
#.....
#.##.....#
.....
#.......(#
#..##.###'####
##..#.........#
..........W@..#
###.(..####...#
##...
#...#######
#...
#.........#
##.W
#..######.# #..
#..# #.##.# ##.
....# #.##)# #.
###.## #.##.#
#. #.##.#


You could see sugabear's ghost.

Vanquished Creatures
  3 adders (D:2)
  2 giant geckos
  A ball python (D:2)
  5 bats
  5 goblins
  9 hobgoblins
  3 jackals (D:2)
  A giant cockroach (D:1)
  A giant newt (D:2)
  2 kobolds
  4 rats
36 creatures vanquished.

Notes
Turn   | Place    | Note
--------------------------------------------------------------
     0 | D:1      | sugabear the Gargoyle Gladiator began the quest for the Orb.
     0 | D:1      | Reached XP level 1. HP: 12/12 MP: 1/1
   106 | D:1      | Reached XP level 2. HP: 15/17 MP: 2/2
   606 | D:2      | Found a blossoming altar of Fedhas.
   682 | D:2      | Reached XP level 3. HP: 18/22 MP: 3/3
   971 | D:2      | Found a glowing golden altar of the Shining One.
   973 | D:2      | Found a white marble altar of Elyvilon.
  1108 | D:2      | Reached XP level 4. HP: 15/27 MP: 4/4
  1524 | D:3      | Noticed sugabear's ghost (amateur GrGl)
  1537 | D:3      | Slain by sugabear's ghost

Action                   |  1- 3 |  4- 6 || total
-------------------------+-------+-------++-------
Melee: Flail             |   127 |    15 ||   142
  Eat: Chunk             |     1 |     1 ||     2
